 Dungeon Crawl Stone Soup version 0.22-a0-538-g76cc104 (webtiles) character file.

273 inc the Digger (level 6, -1/36 HPs)
             Began as an Octopode Earth Elementalist on June 23, 2018.
             Slain by a phantom (8 damage)
             ... on level 3 of the Dungeon.
             The game lasted 00:04:58 (3104 turns).

inc the Digger (Octopode Earth Elementalist)        Turns: 3104, Time: 00:04:59

Health: -1/36      AC:  1    Str:  7    XL:     6   Next: 24%
Magic:  9/9        EV: 13    Int: 19    God:
Gold:   103        SH:  0    Dex: 13    Spells: 8/9 levels left

rFire    . . .     SeeInvis .   d - +0 short sword
rCold    . . .     Gourm    .   (no shield)
rNeg     . . .     Faith    .   (helmet restricted)
rPois    .         Spirit   .   (no amulet)
rElec    .         Reflect  .   (no ring)
rCorr    .         Harm     .   (no ring)
MR       .....                  (no ring)
Stlth    +++.......             (no ring)
HPRegen  0.12/turn              (no ring)
MPRegen  0.11/turn              (no ring)
                                (no ring)
                                (no ring)

@: no status effects
A: almost no armour, stealthy swim, amphibious, 8 rings, constrict 8, camouflage
1, gelatinous body 1
a: no special abilities


You were on level 3 of the Dungeon.
You were not hungry.

You visited 1 branch of the dungeon, and saw 4 of its levels.

You collected 103 gold pieces.

Inventory:

Hand Weapons
 d - a +0 short sword (weapon)
Missiles
 b - 65 stones (quivered)
Wands
 u - a wand of enslavement (11)
Scrolls
 a - 3 scrolls of identify {unknown}
 e - a scroll of noise {unknown}
 g - a scroll of random uselessness {unknown}
 i - 2 scrolls of fog {unknown}
 j - 2 scrolls of amnesia {unknown}
 n - 2 scrolls of teleportation {unknown}
 q - a scroll of remove curse {unknown}
 s - a scroll of enchant weapon {unknown}
 t - a scroll of enchant armour {unknown}
Potions
 f - a potion of magic {unknown}
 h - a potion of cancellation {unknown}
 k - a potion of lignification {unknown}
 l - a potion of might {unknown}
 m - a potion of curing {unknown}
 o - a potion of agility {unknown}
 p - a potion of flight {unknown}
Comestibles
 c - 6 rations
 r - a chunk of flesh


   Skills:
 - Level 2.0 Dodging
 - Level 2.6 Stealth
 - Level 2.0 Spellcasting
   Level 1.0 Transmutations
 + Level 6.8 Earth Magic


You had 8 spell levels left.
You knew the following spells:

 Your Spells              Type           Power        Failure   Level  Hunger
a - Sandblast             Erth           ####..       1%          1    #......

Your spell library contained the following spells:

 Spells                   Type           Power        Failure   Level  Hunger
 Animate Dead             Necr           N/A          86%         4    #####..
 Pain                     Necr           #...         17%         1    #......
 Animate Skeleton         Necr           N/A          17%         1    #......
 Vampiric Draining        Necr           #.........   45%         3    ###....
 Regeneration             Chrm/Necr      #.........   45%         3    ###....
 Stone Arrow              Conj/Erth      ##....       12%         3    ###....
 Passwall                 Tmut/Erth      ###.....     4%          2    ###....
 Lee's Rapid Deconstruct  Erth           ####......   28%         5    ######.
 Petrify                  Tmut/Erth      ###.....     32%         4    #####..


Dungeon Overview and Level Annotations

Branches:
Dungeon (4/15)
 Temple: D:4-7

Altars:

Annotations:
D:4 Grinder


Innate Abilities, Weirdness & Mutations

You cannot wear most types of armour.
You are very stealthy in the water. (Stealth+)
You are amphibious.
You can wear up to eight rings at the same time.
You can use your tentacles to constrict eight enemies at once.
Your skin changes colour to match your surroundings (Stealth+).
Your rubbery body absorbs attacks. (AC +1, EV +1)


Message History

The hound barks!
The hound closely misses you. The hound misses you. The hound bites you.
The centaur shouts!
The centaur wields a shortbow.
The centaur shoots an arrow.
The arrow hits you!
You see here an arrow.
The centaur shoots an arrow.
The arrow misses you.
There is a stone staircase leading up here.
The hound closely misses you. The hound bites you.
You climb upwards.
There is a stone staircase leading down here.
Unknown command.
The phantom hits you!
* * * LOW HITPOINT WARNING * * *
The hound completely misses you. The hound barely misses you.
The hound bites you.
* * * LOW HITPOINT WARNING * * *
The phantom hits you!
You die...

##.#.# #........#######.#.....#
<#.#.# #........##.<###.#.#####
##.#.# #........##.....)#...[..
.#.#.#####..............(........
.#.#..................).....)[)..
.#.#############.################
.#.# #.................# #
##.####.#######.........# #
#.##......# #.@.......# #######
#.##......# #hW.......# #......
#.##......# #.........# #......
#.........# #.........###......
####).....# #.>................
#......# #.........###......
#......# ########### #......
#....[.# #...... #......# #######


You could see a phantom and a hound.

Vanquished Creatures
  A scorpion (D:4)
  Jessica (D:3)
  A worker ant (D:3)
  An iguana (D:4)
  5 adders
  A worm (D:4)
  A dart slug (D:1)
  A leopard gecko (D:3)
  8 orcs (D:3)
  A ball python (D:2)
  10 bats
  4 giant cockroaches
  8 goblins
  13 hobgoblins
  4 jackals (D:1)
  6 kobolds
  4 quokkas
  7 frilled lizards
  10 rats
87 creatures vanquished.

Notes
Turn   | Place    | Note
-------+----------+-------------------------------------------
     0 | D:1      | inc the Octopode Earth Elementalist began the quest for the Orb.
     0 | D:1      | Reached XP level 1. HP: 11/11 MP: 3/3
   179 | D:1      | Reached XP level 2. HP: 17/17 MP: 5/5
   610 | D:1      | Reached skill level 4 in Earth Magic
   654 | D:1      | Reached XP level 3. HP: 20/21 MP: 6/6
  1324 | D:2      | Reached XP level 4. HP: 17/27 MP: 7/7
  1714 | D:2      | Reached skill level 5 in Earth Magic
  2159 | D:3      | Reached XP level 5. HP: 24/31 MP: 5/8
  2322 | D:3      | Noticed Jessica
  2325 | D:3      | Killed Jessica
  2325 | D:3      | Reached skill level 6 in Earth Magic
  2813 | D:4      | Noticed a centaur
  2813 | D:4      | Noticed a phantom
  2868 | D:4      | Noticed Grinder
  2927 | D:4      | Reached XP level 6. HP: 21/36 MP: 3/9
  3104 | D:3      | Slain by a phantom

Vault maps used:
D:1:      roderic_dead_forest, minmay_quantized
D:2:      st_stairs_1
D:3:      first_ration, uniq_jessica
D:4:      uniq_grinder

Skill      XL: |  1  2  3  4  5 |
---------------+----------------+-----
Earth Magic    | 4 5 6 |  6.8
Dodging        | |  2.0
Stealth        | |  2.6
Spellcasting   | |  2.0
Transmutations | |  1.0

Action                   |  1- 3 |  4- 6 || total
-------------------------+-------+-------++-------
Melee: Unarmed           |    18 |       ||    18
       Constrict         |    15 |    10 ||    25
       Tentacles         |     7 |     6 ||    13
       Short sword       |    41 |    49 ||    90
 Cast: Sandblast         |    30 |    46 ||    76
 Stab: Sleeping          |    10 |     8 ||    18
  Eat: Chunk             |     2 |     6 ||     8
Armor: Skin              |     9 |     4 ||    13
Dodge: Dodged            |    36 |    47 ||    83

Table legend:
 A = Spawn XP
 B = Non-spawn XP
 C = Spawn XP percentage of total XP
 D = Spawn monster count
 E = Non-spawn monster count
 F = Spawn count percentage of total count
 G = Total turns spent on level
                    A         B        C        D         E        F      G
               +---------+---------+-------+---------+---------+-------+---------
         Total |       0 |     391 |   0.0 |       0 |      87 |   0.0 |  3104
               +---------+---------+-------+---------+---------+-------+---------
           D:1 |       0 |      48 |   0.0 |       0 |      28 |   0.0 |  1030
           D:2 |       0 |      82 |   0.0 |       0 |      30 |   0.0 |  1000
           D:3 |       0 |     151 |   0.0 |       0 |      25 |   0.0 |   816
           D:4 |       0 |     110 |   0.0 |       0 |       4 |   0.0 |   258
               +---------+---------+-------+---------+---------+-------+---------
